 Dungeon Crawl Stone Soup version 0.28.0-1-gb440e238dd (webtiles) character file.

Game seed: 12410398196513372659

163 Kaptain the Digger (level 5, -4/30 HPs)
             Began as a Gargoyle Earth Elementalist on Feb 24, 2022.
             Killed by divine providence
             ... invoked by an orc priest
              (16 damage)
             ... on level 3 of the Dungeon.
             The game lasted 00:05:31 (2883 turns).

Kaptain the Digger (Gargoyle Earth Elementalist)    Turns: 2883, Time: 00:05:32

Health: -4/30      AC:  9    Str: 11    XL:     5   Next: 44%
Magic:  0/9        EV: 11    Int: 18    God:
Gold:   75         SH:  0    Dex: 10    Spells: 5/9 levels left

rFire   . . .      SeeInvis .   b - +0 rapier
rCold   . . .      Faith    .   (no shield)
rNeg    + . .      Spirit   .   n - +0 leather armour
rPois   ∞          Reflect  .   u - +0 helmet
rElec   +          Harm     .   a - +0 cloak
rCorr   .          Rampage  .   (no gloves)
Will    .....                   (no boots)
Stlth   ++........              (no amulet)
HPRegen 0.10/turn               (no ring)
MPRegen 0.11/turn               (no ring)

@: no status effects
A: sickness immunity, AC +4, negative energy resistance 1, electricity
resistance, torment resistance 1, petrification resistance
a: no special abilities


You were on level 3 of the Dungeon.
You visited 1 branch of the dungeon, and saw 3 of its levels.

You collected 75 gold pieces.

Inventory:

Hand Weapons
 b - a +0 rapier (weapon)
 l - a +0 spear
Missiles
 c - 20 stones
Armour
 a - a +0 cloak (worn)
 n - a +0 leather armour (worn)
 r - a +2 chain mail of fire resistance
 u - a +0 helmet (worn)
Jewellery
 o - a ring of resist corrosion
Scrolls
 d - a scroll of fear {unknown}
 g - 2 scrolls of amnesia {unknown}
 j - a scroll of torment {unknown}
 k - a scroll of blinking {unknown}
 p - 2 scrolls of vulnerability {unknown}
 t - a scroll of identify {unknown}
Potions
 e - a potion of haste {unknown}
 f - a potion of curing {unknown}
 h - 3 potions of brilliance {unknown}
 i - a potion of invisibility {unknown}
 m - a potion of magic {unknown}
 q - a potion of flight {unknown}
 s - a potion of mutation {unknown}


   Skills:
 * Level 1.8 Fighting
 + Level 1.2 Armour
 + Level 2.0 Dodging
 + Level 2.6 Stealth
 * Level 2.9 Spellcasting
 * Level 2.1 Conjurations
 - Level 0.7 Transmutations
 * Level 4.4 Earth Magic


You had 5 spell levels left.
You knew the following spells:

 Your Spells              Type           Power      Damage    Failure   Level
a - Sandblast             Erth           36%        2d10      3%          1
b - Stone Arrow           Conj/Erth      28%        3d8       17%         3

Your spell library contained the following spells:

 Spells                   Type           Power      Damage    Failure   Level
 Passwall                 Tmut/Erth      10%        N/A       11%         2
 Freeze                   Ice            8%         1d3       22%         1
 Frozen Ramparts          Ice            4%         1d2       54%         3
 Petrify                  Tmut/Erth      12%        N/A       58%         4
 Hailstorm                Conj/Ice       6%         3d4       80%         4


Dungeon Overview and Level Annotations

Branches:
Dungeon (3/15)

Altars:


Innate Abilities, Weirdness & Mutations

You are immune to sickness and miasma.
Your stone body is resilient. (AC +4)
You are immune to poison.
You resist negative energy. (rN+)
You are resistant to electric shocks. (rElec)
You are resistant to unholy torment.
You are immune to petrification.


Message History

Aim: an orc, wielding a +0 short sword and wearing a +0 ring mail (severely wounded, 82% to hit)
The blast of sand hits the orc!
You kill the orc!
You hit the orc priest but do no damage.
The orc priest is moderately wounded.
The orc priest hits you but does no damage.
You hit the orc priest but do no damage.
The orc priest is moderately wounded.
The orc priest hits you but does no damage.
Casting: Sandblast (safe; 3% risk of failure)
Confirm with . or Enter, or press ? or * to list all spells.
Aiming: Sandblast (safe; 3% risk of failure)
Press: ? - help, Shift-Dir - straight line, f - orc priest
Aim: an orc priest, wielding a +0 hand axe and wearing a +0 chain mail (moderately wounded, 85% to hit)
The blast of sand hits the orc priest but does no damage.
The orc priest is moderately wounded.
The orc priest closely misses you.
You hit the orc priest.
The orc priest is heavily wounded.
The orc priest calls down the wrath of Beogh upon you.
Beogh smites you!
Ouch! That really hurt!
The orc priest hits you but does no damage.
Unknown command.
Your magical contamination has completely faded away.
The orc priest invokes the aid of Beogh against you.
Pain shoots through your body!
Casting: Sandblast (safe; 3% risk of failure)
Confirm with . or Enter, or press ? or * to list all spells.
Aiming: Sandblast (safe; 3% risk of failure)
Press: ? - help, Shift-Dir - straight line, f/p - orc priest
Aim: an orc priest, wielding a +0 hand axe and wearing a +0 chain mail (heavily wounded, 85% to hit)
The blast of sand hits the orc priest but does no damage.
The orc priest is heavily wounded.
Unknown command.
The frilled lizard unfolds its giant frill.
The orc priest invokes the aid of Beogh against you.
Beogh smites you!
Ouch! That really hurt!
You die...

#.......#........#........
#.......####..#.##.####...
#)...>..# #..####.# #...
######### #.......# #...
#.####### #... ### #.#
##.# .. #.# #.# #.
########.# #.#
#.##.#####.lo.@...# .###..
#....)..##.########
......... ####.##....#
.##.##### ... ###### ####
### #.. #.# ###.#


You could see an orc priest and a frilled lizard.

Vanquished Creatures
  A centaur zombie (D:3)
  Natasha (D:2)
  Robin (D:3)
  An adder (D:2)
  2 worms
  4 dart slugs
  6 orcs
  5 ball pythons
  2 bats
  6 endoplasms
  5 giant cockroaches
  10 goblins
  6 hobgoblins
  3 kobolds
  3 quokkas
  2 frilled lizards (D:1)
  5 rats
63 creatures vanquished.

Notes
Turn   | Place    | Note
-------+----------+-------------------------------------------
     0 | D:1      | Kaptain the Gargoyle Earth Elementalist began the quest for
                  | the Orb.
     0 | D:1      | Reached XP level 1. HP: 10/10 MP: 3/3
   447 | D:1      | Reached XP level 2. HP: 16/16 MP: 3/5
  1069 | D:1      | Reached skill level 1 in Fighting
  1220 | D:2      | Reached skill level 1 in Conjurations
  1220 | D:2      | Reached skill level 4 in Earth Magic
  1220 | D:2      | Reached XP level 3. HP: 17/20 MP: 4/6
  1224 | D:2      | Learned a level 3 spell: Stone Arrow
  1740 | D:2      | Reached skill level 1 in Armour
  1740 | D:2      | Reached XP level 4. HP: 23/25 MP: 2/7
  2122 | D:2      | Noticed Natasha
  2132 | D:2      | Killed Natasha
  2342 | D:3      | Found a faded altar of an unknown god.
  2433 | D:3      | Noticed Robin
  2462 | D:3      | Killed Robin
  2467 | D:3      | Reached XP level 5. HP: 17/29 MP: 0/9
  2883 | D:3      | Killed from afar by an orc priest

Illustrated notes

Levels and vault maps discovered:
D:1:      minmay_arrival_stone_box, layout_loops_corners
D:2:      layout_rooms, uniq_natasha
D:3:      layout_loops_cross, hellmonk_ecumenical_altar_lost_god,
          patterned_corridor, uniq_robin

Skill      XL: |  1  2  3  4 |
---------------+-------------+-----
Fighting       | 1 |  1.8
Conjurations   | 1 2 |  2.1
Earth Magic    | 4 |  4.4
Armour         | 1 |  1.2
Dodging        | 2 |  2.0
Stealth        | |  2.6
Spellcasting   | |  2.9
Transmutations | |  0.7

Action                   |  1- 3 |  4- 6 || total
-------------------------+-------+-------++-------
Melee: Unarmed           |     1 |       ||     1
       Short sword       |    59 |       ||    59
       Dagger            |     5 |       ||     5
       Spear             |     2 |       ||     2
       Punch             |     1 |     2 ||     3
       Rapier            |       |    43 ||    43
 Cast: Sandblast         |    35 |    34 ||    69
 Stab: Sleeping          |     2 |       ||     2
Armor: Leather armour    |    29 |    30 ||    59
       Robe              |     3 |       ||     3
Dodge: Dodged            |    42 |    37 ||    79
